 Dungeon Crawl Stone Soup version 0.27-a0-887-gcab673c142 (webtiles) character file.

Game seed: 22301372683964659

18 jestyr24 the Shield-Bearer (level 2, 24/24 HPs)
             Began as a Formicid Fighter on Apr 3, 2021.
             Was a Follower of Kikubaaqudgha.
             Quit the game on level 1 of the Dungeon.
             The game lasted 00:02:36 (552 turns).

jestyr24 the Shield-Bearer (Formicid Fighter)        Turns: 552, Time: 00:02:37

Health: 24/24      AC:  6    Str: 20    XL:     2   Next: 90%
Magic:  2/2        EV:  8    Int:  7    God:    Kikubaaqudgha [*.....]
Gold:   42         SH:  9    Dex: 10    Spells: 1/1 levels left

rFire    . . .     SeeInvis +   a - +0 long sword
rCold    . . .     Faith    .   c - +0 kite shield
rNeg     . . .     Spirit   .   b - +0 scale mail
rPois    .         Reflect  .   (helmet unavailable)
rElec    .         Harm     .   (no cloak)
rCorr    .         Rampage  .   (no gloves)
Will     .....                  (no boots)
Stlth    ..........             (no amulet)
HPRegen  0.08/turn              (no ring)
MPRegen  0.08/turn              (no ring)

@: no status effects
A: permanent stasis, dig shafts and tunnels, antennae 3, four strong arms
a: Dig, Shaft Self, Renounce Religion, Receive Corpses


You were on level 1 of the Dungeon.
You worshipped Kikubaaqudgha.
Kikubaaqudgha was aware of your devotion.
You visited 1 branch of the dungeon, and saw 1 of its levels.

You collected 42 gold pieces.

Inventory:

Hand Weapons
 a - a +0 long sword (weapon)
Armour
 b - a +0 scale mail (worn)
 c - a +0 kite shield (worn)
 e - a +0 pair of boots
Scrolls
 h - a scroll of blinking {unknown}
Potions
 d - a potion of might
 f - a potion of lignification {unknown}
 g - a potion of attraction {unknown}
 i - a potion of heal wounds {unknown}
 j - a potion of degeneration {unknown}


   Skills:
 + Level 3.6 Fighting
 + Level 2.2 Long Blades
 + Level 3.5 Armour
 + Level 4.0 Shields


You had one spell level left.
You didn't know any spells.
Your spell library contained the following spells:

 Spells                   Type           Power      Damage    Failure   Level
 Animate Skeleton         Necr           0%         N/A       98%         1
 Pain                     Necr           0%         1d4       98%         1
 Sublimation of Blood     Necr           0%         N/A       99%         2
 Vampiric Draining        Necr           0%         2d6       100%        3


Dungeon Overview and Level Annotations

Branches:
Dungeon (1/15)

Altars:
Kikubaaqudgha

Shops:
D:1 [


Innate Abilities, Weirdness & Mutations

You cannot be hasted, slowed, berserked, paralysed or teleported.
You can dig through walls and to a lower floor.
You have a pair of large antennae on your head. (SInv)
Your four strong arms can wield two-handed weapons with a shield.


Message History

You kill the hobgoblin!
Kikubaaqudgha accepts your kill.
You barely miss the endoplasm.
The endoplasm hits you but does no damage. x2
You barely miss the endoplasm. The endoplasm barely misses you.
You riposte.
You hit the endoplasm.
The endoplasm is severely wounded.
You hit the endoplasm.
You kill the endoplasm!
Kikubaaqudgha accepts your kill.
Things that are here:
a hobgoblin corpse; a ball python corpse A hobgoblin comes into view.
The hobgoblin shouts!
You see here a silvery potion.
Found 8 gold pieces.
You hit the hobgoblin.
The hobgoblin is moderately wounded.
The hobgoblin barely misses you.
You hit the hobgoblin.
You kill the hobgoblin!
Kikubaaqudgha accepts your kill.
j - a silvery potion You extend your mandibles.
You dig through the rock wall.
A rat comes into view.
The rat bites you but does no damage.
You retract your mandibles.
You hit the rat.
You kill the rat!
Kikubaaqudgha accepts your kill.
You see here a rat corpse.
You now have 42 gold pieces (gained 8).
You sense a monster nearby.
A bat comes into view.
The bat barely misses you. You block the bat's attack.
You hit the bat but do no damage. The bat barely misses you.
You block the bat's attack. The bat hits you but does no damage.
Are you sure you want to abandon this character and quit the game? (Confirm with "yes".)

.................#
#.#####.8.....
.................#
#.......
######.##........#
####...# #
#.##........# ##### #
#.##........# #
#.##.......(#
#.....b..# ##.......##
.# #......@.# .# #.#
#......#.# .# ######.#
#......#.##.# #......#
#......#..#.# #......#
#########.#.# #......#
#.#.# +......# #...#
#......# ##..#
####.#.############..#


You could see a bat.

Vanquished Creatures
  A ball python (D:1)
  2 endoplasms (D:1)
  A giant cockroach (D:1)
  3 goblins (D:1)
  4 hobgoblins (D:1)
  A jackal (D:1)
  A bat (D:1)
  3 rats (D:1)
16 creatures vanquished.

Notes
Turn   | Place    | Note
-------+----------+-------------------------------------------
     0 | D:1      | jestyr24 the Formicid Fighter began the quest for the Orb.
     0 | D:1      | Reached XP level 1. HP: 18/18 MP: 1/1
   192 | D:1      | Found Fuoryun's Armour Emporium.
   207 | D:1      | Reached XP level 2. HP: 24/24 MP: 2/2
   241 | D:1      | Found a faded altar of an unknown god.
   282 | D:1      | Became a worshipper of Kikubaaqudgha
   282 | D:1      | Reached * piety under Kikubaaqudgha
   282 | D:1      | Identified Kikubaaqudgha's Tome of Dark Rituals
                  | (Kikubaaqudgha gifted it to you on level 1 of the Dungeon)
   282 | D:1      | Received a gift from Kikubaaqudgha
   330 | D:1      | Reached skill level 4 in Shields
   552 | D:1      | Quit the game

Illustrated notes

Levels and vault maps discovered:
D:1:      grunt_arrival_lava_bath, layout_basic, basic_ecumenical_altar,
          serial_shops, shop, st_stairs_12

Skill      XL: |  1  2 |
---------------+-------+-----
Shields        | 4 |  4.0
Fighting       | |  3.6
Long Blades    | |  2.2
Armour         | |  3.5

Action                   || total
-------------------------++-------
Melee: Long sword        ||    51
 Abil: Dig               ||     1
Armor: Scale mail        ||    19
Dodge: Dodged            ||    21
Block: Kite shield       ||    22
       Rpst.: Long sword ||     6

Table legend: (Time is in decaauts)
 A = Elapsed time spent in this place.
 B = Non-inter-level travel time spent in this place.
 C = Inter-level travel time spent in this place.
 D = Time resting spent in this place.
 E = Time spent auto-exploring this place.
 F = Levels seen in this place.
 G = Mean time per level.
                   A        B        C        D        E       F      G
               +--------+--------+--------+--------+--------+-----+--------+
         Total |    576 |    576 |      0 |    100 |    250 |   1 |  576.0 |
       Dungeon |    576 |    576 |      0 |    100 |    250 |   1 |  576.0 |
               +--------+--------+--------+--------+--------+-----+--------+

Top non-repeatable levels by time:
     D:1: 576 daAuts
